Flames vs Panthers (R2)

Created - March 24, 2018 at 23:18

Goals
1 2 3 T
Flames 2 1 1 4
Panthers 1 1 0 2
Shots
1 2 3 T
Flames 10 7 12 29
Panthers 14 2 11 27

1st period

1. Panthers , Drew Stafford 12 (Cory Emmerton 24, Guillaume Latendresse 40) at 14:08 (PP)
2. Flames , Erik Johnson 12 (David Backes 46, Alexander Semin 55) at 14:52 (PP)
3. Flames , Sami Vatanen 2 (Erik Johnson 43) at 19:10

Penalties :
Brad Marchand (Cal) for Interference (Minor) at 2:15, Brad Marchand (Cal) for High sticking (Minor) at 8:23, Erik Gudbranson (Flo) for Holding (Minor) at 11:03, Jordin Tootoo (Cal) for Hooking (Minor) at 14:00, Ian White (Flo) for Hooking (Minor) at 14:37, Drew Stafford (Flo) for Interference (Minor) at 15:03, Jonathan Matsumoto (Flo) for Slashing (Minor) at 19:52

2nd period

4. Flames , Jordin Tootoo 16 (Brad Marchand 15, Derek Meech 19) at 3:27
5. Panthers , George Parros 10 (Shawn Horcoff 15, Matthew Spiller 10) at 16:35

Penalties :
Shawn Horcoff (Flo) for Hooking (Minor) at 6:22, Erik Gudbranson (Flo) for High sticking (Minor) at 7:31, Brad Marchand (Cal) for Hooking (Minor) at 10:43, Sami Vatanen (Cal) for High sticking (Minor) at 13:18, Steve Eminger (Cal) for Interference (Minor) at 13:59, Erik Johnson (Cal) for Kneeing (Minor) at 19:06

3rd period

6. Flames , Erik Johnson 13 (David Backes 47) at 10:05 (PP)

Penalties :
Brendan Smith (Flo) for Holding (Minor) at 2:46, Guillaume Latendresse (Flo) for Elbowing (Minor) at 9:51, Shawn Horcoff (Flo) for Cross-checking (Minor) at 18:14

Goalie Stats

Josh Harding (Cal), 25 saves from 27 shots - (0.926), W, 6-8-0, 60:00 minutes
Antti Niemi (Flo), 25 saves from 29 shots - (0.862), L, 19-20-4, 60:00 minutes

Players Stats for Flames

Player Name              G  A  P  +/- PIM S  H  SB GA TA FO     MP     PP MP  PK MP  
------------------------------------------------------------------------------------
Alexander Semin          0  1  1   0  0   2  1  0  1  2  0/2    23:35   7:42   5:40 
Brad Marchand            0  1  1   1  6   3  3  1  0  0  0/0    12:49   0:12   0:09 
Colin Wilson             0  0  0   0  0   1  0  0  1  0  0/2     7:09   0:00   0:04 
David Backes             0  2  2   0  0   3  1  0  1  0  0/1    17:09   7:42   0:00 
Derek Meech              0  1  1   1  0   2  1  0  1  3  0/0    23:08   7:49   4:34 
Eric Staal               0  0  0   0  0   5  2  1  1  0  22/39  22:00   7:42   4:51 
Erik Johnson             2  1  3   0  2   3  0  0  2  1  0/0    27:58   7:44   3:28 
Jonathan Ferland         0  0  0   0  0   3  1  0  1  0  0/0     8:58   1:00   0:00 
Jordin Tootoo            1  0  1   1  2   1  1  1  0  0  0/0    19:41   4:36   4:24 
Lubomir Visnovsky        0  0  0   0  0   1  2  0  0  0  0/0    17:27   1:32   6:30 
Marcus Nilson            0  0  0   0  0   0  1  0  0  0  0/0     9:39   0:35   0:04 
Michel Ouellet           0  0  0   0  0   0  0  0  0  0  0/0     6:03   0:00   0:00 
Mikhail Grabovski        0  0  0   0  0   0  3  0  2  0  6/11   14:28   0:49   4:55 
Patrik Berglund          0  0  0   1  0   0  2  0  0  0  5/14   15:15   4:36   0:00 
Ron Hainsey              0  0  0   1  0   0  1  1  0  1  0/0    16:48   5:06   1:26 
Sami Vatanen             1  0  1   0  2   2  0  1  0  2  0/0    20:12   4:25   0:03 
Steve Eminger            0  0  0   0  2   2  1  2  2  0  0/0    14:57   0:00   5:29 
Steve Regier             0  0  0   0  0   1  2  0  0  0  0/0    10:35   5:00   0:00 

Players Stats for Panthers

Player Name              G  A  P  +/- PIM S  H  SB GA TA FO     MP     PP MP  PK MP  
------------------------------------------------------------------------------------
Alexander Perezhogin     0  0  0  -1  0   0  2  0  0  0  0/0    11:48   0:11   0:00 
Brayden Schenn           0  0  0   0  0   3  0  1  1  0  13/25  21:20   5:05   7:17 
Brendan Smith            0  0  0   0  2   5  1  0  2  1  0/0    25:13   4:36   6:35 
Cory Emmerton            0  1  1  -1  0   1  1  1  1  1  13/29  19:47   5:28   1:50 
Daniel Sedin             0  0  0   0  0   2  1  0  0  1  0/1     9:17   0:11   2:13 
Drew Stafford            1  0  1   0  2   2  1  0  1  1  1/1    18:28   5:28   2:47 
Erik Gudbranson          0  0  0  -1  4   2  5  0  0  2  0/0    23:06   6:08   1:19 
George Parros            1  0  1   0  0   1  0  0  0  0  0/0     5:04   0:00   0:00 
Guillaume Latendresse    0  1  1   0  2   3  2  0  2  2  0/0    22:51   5:28   7:11 
Ian White                0  0  0  -2  2   0  1  2  2  1  0/0    20:58   6:08   0:01 
Jeff Tambellini          0  0  0   0  0   0  0  0  0  0  1/1    13:21   5:05   0:00 
Jonathan Matsumoto       0  0  0   0  2   0  0  0  0  0  2/3     5:30   0:00   0:00 
Jonathan Sigalet         0  0  0   1  0   0  0  0  0  0  0/0    13:14   0:00   5:20 
Matthew Spiller          0  1  1   1  0   0  0  5  0  1  0/0    13:39   0:00   5:59 
Michal Rozsival          0  0  0  -1  0   2  6  0  0  1  0/0    23:56   4:36   7:21 
Patrick Marleau          0  0  0  -1  0   1  0  0  0  1  0/0    11:48   0:11   0:00 
Shawn Horcoff            0  1  1   0  4   2  3  1  0  0  4/6    13:02   0:00   4:28 
Tomas Kopecky            0  0  0   0  0   3  2  0  0  0  2/3    13:21   5:05   0:00 

3 Stars

1 - Erik Johnson (Cal)
2 - David Backes (Cal)
3 - Jordin Tootoo (Cal)

Power Play

Flames - 2 on 9 Attempt(s) - 22.22%
Panthers - 1 on 7 Attempt(s) - 14.29%

Penalty Kill

Flames - 6 on 7 Attempt(s) - 85.71% - Score 0 goal in Penalty Kill
Panthers - 7 on 9 Attempt(s) - 77.78% - Score 0 goal in Penalty Kill

Team Stat

Flames - Hits : 22 - Faceoff Wins : 33 - Blocked Shots : 7 - Penalty Minutes : 14
Panthers - Hits : 25 - Faceoff Wins : 36 - Blocked Shots : 10 - Penalty Minutes : 18

Official

Referees : Walkom Stephen and Dwyer Gord
Linesman : Brian Mach and Derek Nansen

Game Notes

15:18 of 1st period - Flames goal is going for a video replay. After video review, No Goal. The net was displaced accidentally.

Finance

Level 1 -- Attendance: 5414 (90.23%) -- Ticket Income $476,432
Level 2 -- Attendance: 4389 (87.78%) -- Ticket Income $241,395
Level 3 -- Attendance: 1129 (56.45%) -- Ticket Income $56,450
Level 4 -- Attendance: 2713 (67.83%) -- Ticket Income $86,816
Luxury Box -- Attendance: 997 (99.70%) -- Ticket Income $144,565
Game was played at the Bank Atlantic Cente.
Total Attendance: 14642 (81.34%)
Total Ticket Income: $1,005,658
Other Income: $150,849
Total Income: $1,156,507

Flames

5 vs 5 Forward 
   Center                   Left Wing                Right Wing               Time % Phy DF OF 
 1 Eric Staal               Alexander Semin          David Backes             40     0   2  3  
 2 Patrik Berglund          Brad Marchand            Jordin Tootoo            33     0   2  3  
 3 Colin Wilson             Steve Regier             Michel Ouellet           19     0   2  3  
 4 Mikhail Grabovski        Marcus Nilson            Jonathan Ferland         8      0   3  2  

5 vs 5 Defense 
   Defense                  Defense                                           Time % Phy DF OF 
 1 Sami Vatanen             Erik Johnson                                      38     1   2  2  
 2 Lubomir Visnovsky        Steve Eminger                                     29     1   2  2  
 3 Derek Meech              Ron Hainsey                                       23     1   2  2  
 4 Lubomir Visnovsky        Steve Eminger                                     10     1   2  2  

PowerPlay Forward 
   Center                   Left Wing                Right Wing               Time % Phy DF OF 
 1 Eric Staal               Alexander Semin          David Backes             60     1   1  3  
 2 Patrik Berglund          Steve Regier             Jordin Tootoo            40     1   1  3  

PowerPlay Defense
   Defense                  Defense                                           Time % Phy DF OF 
 1 Derek Meech              Erik Johnson                                      60     1   1  3  
 2 Sami Vatanen             Ron Hainsey                                       40     1   1  3  

Penalty Kill 4 Players Forward 
   Center                   Wing                     Time % Phy DF OF 
 1 Mikhail Grabovski        Alexander Semin          50     1   3  1  
 2 Eric Staal               Jordin Tootoo            50     1   3  1  

Penalty Kill 4 Players Defense
   Defense                  Defense                  Time % Phy DF OF 
 1 Lubomir Visnovsky        Steve Eminger            58     1   3  1  
 2 Derek Meech              Erik Johnson             42     1   3  1  

Penalty Kill - 3 Players Forward 
   Forward                                           Time % Phy DF OF 
 1 Eric Staal                                        50     1   3  1  
 2 Alexander Semin                                   50     1   3  1  

Penalty Kill - 3 Players Defense
   Defense                  Defense                  Time % Phy DF OF 
 1 Lubomir Visnovsky        Steve Eminger            58     1   3  1  
 2 Derek Meech              Erik Johnson             42     1   3  1  

4 vs 4 Forward 
   Center                   Wing                     Time % Phy DF OF 
 1 Eric Staal               Alexander Semin          60     1   2  2  
 2 Patrik Berglund          Jordin Tootoo            40     1   2  2  

4 vs 4 Defense
   Defense                  Defense                  Time % Phy DF OF 
 1 Derek Meech              Erik Johnson             60     1   2  2  
 2 Lubomir Visnovsky        Steve Eminger            40     1   2  2  

Last Minutes Offensive
   Center                   Left Wing                Right Wing               Defense                  Defense                  
   Eric Staal               Alexander Semin          David Backes             Sami Vatanen             Erik Johnson             

Last Minutes Defensive
   Center                   Left Wing                Right Wing               Defense                  Defense                  
   Eric Staal               Alexander Semin          David Backes             Lubomir Visnovsky        Erik Johnson             

Goaltenders
Starting : Josh Harding             
Backup : Pekka Rinne              

Extra Forwards
Normal : Brad Marchand, Jordin Tootoo, Patrik Berglund - PP : Brad Marchand, Jordin Tootoo - PK : Brad Marchand
Extra Defensemen
Normal : Derek Meech, Steve Eminger, Lubomir Visnovsky - PP : Derek Meech - PK : Erik Johnson, Ron Hainsey
Penalty Shots
Eric Staal, Alexander Semin, David Backes, Patrik Berglund, Colin Wilson

Scratches
Brendan Mikkelson (Healthy)

Panthers

5 vs 5 Forward 
   Center                   Left Wing                Right Wing               Time % Phy DF OF 
 1 Cory Emmerton            Guillaume Latendresse    Drew Stafford            40     0   2  3  
 2 Brayden Schenn           Jeff Tambellini          Tomas Kopecky            30     0   2  3  
 3 Shawn Horcoff            Patrick Marleau          Alexander Perezhogin     20     0   3  2  
 4 Jonathan Matsumoto       Daniel Sedin             George Parros            10     1   2  2  

5 vs 5 Defense 
   Defense                  Defense                                           Time % Phy DF OF 
 1 Brendan Smith            Erik Gudbranson                                   40     0   2  3  
 2 Ian White                Michal Rozsival                                   30     0   2  3  
 3 Jonathan Sigalet         Matthew Spiller                                   20     0   3  2  
 4 Ian White                Erik Gudbranson                                   10     0   2  3  

PowerPlay Forward 
   Center                   Left Wing                Right Wing               Time % Phy DF OF 
 1 Cory Emmerton            Guillaume Latendresse    Drew Stafford            60     0   1  4  
 2 Brayden Schenn           Jeff Tambellini          Tomas Kopecky            40     0   1  4  

PowerPlay Defense
   Defense                  Defense                                           Time % Phy DF OF 
 1 Ian White                Erik Gudbranson                                   60     0   2  3  
 2 Brendan Smith            Michal Rozsival                                   40     0   2  3  

Penalty Kill 4 Players Forward 
   Center                   Wing                     Time % Phy DF OF 
 1 Brayden Schenn           Guillaume Latendresse    60     1   3  1  
 2 Shawn Horcoff            Drew Stafford            40     1   3  1  

Penalty Kill 4 Players Defense
   Defense                  Defense                  Time % Phy DF OF 
 1 Brendan Smith            Michal Rozsival          60     1   4  0  
 2 Matthew Spiller          Jonathan Sigalet         40     1   4  0  

Penalty Kill - 3 Players Forward 
   Forward                                           Time % Phy DF OF 
 1 Brayden Schenn                                    60     0   4  1  
 2 Guillaume Latendresse                             40     0   4  1  

Penalty Kill - 3 Players Defense
   Defense                  Defense                  Time % Phy DF OF 
 1 Brendan Smith            Michal Rozsival          60     1   4  0  
 2 Matthew Spiller          Jonathan Sigalet         40     1   4  0  

4 vs 4 Forward 
   Center                   Wing                     Time % Phy DF OF 
 1 Cory Emmerton            Guillaume Latendresse    60     0   2  3  
 2 Brayden Schenn           Jeff Tambellini          40     0   2  3  

4 vs 4 Defense
   Defense                  Defense                  Time % Phy DF OF 
 1 Ian White                Erik Gudbranson          60     1   2  2  
 2 Brendan Smith            Michal Rozsival          40     1   2  2  

Last Minutes Offensive
   Center                   Left Wing                Right Wing               Defense                  Defense                  
   Cory Emmerton            Guillaume Latendresse    Drew Stafford            Ian White                Brendan Smith            

Last Minutes Defensive
   Center                   Left Wing                Right Wing               Defense                  Defense                  
   Brayden Schenn           Guillaume Latendresse    Drew Stafford            Brendan Smith            Matthew Spiller          

Goaltenders
Starting : Antti Niemi              
Backup : Petr Mrazek              

Extra Forwards
Normal : Brayden Schenn, Guillaume Latendresse, Cory Emmerton - PP : Patrick Marleau, Daniel Sedin - PK : Shawn Horcoff
Extra Defensemen
Normal : Ian White, Erik Gudbranson, Brendan Smith - PP : Jonathan Sigalet - PK : Matthew Spiller, Erik Gudbranson
Penalty Shots
Guillaume Latendresse, Patrick Marleau, Jeff Tambellini, Daniel Sedin, Jonathan Matsumoto

Scratches
Pavel Kubina (Healthy)

% Time on Ice - Flames

Lines # - Real PCT - Wanted PCT - Time Play
Normal Forward
1 - 31% - 40% - 11:15
2 - 30% - 33% - 10:42
3 - 17% - 19% - 6:03
4 - 22% - 8% - 7:58
Normal Defense
1 - 43% - 38% - 15:31
2 - 31% - 29% - 11:03
3 - 24% - 23% - 8:48
4 - 2% - 10% - 0:36
PP Forward
1 - 62% - 60% - 8:17
2 - 38% - 40% - 5:01
PP Defense
1 - 62% - 60% - 8:12
2 - 38% - 40% - 5:06
PK Forward
1 - 53% - 50% - 4:59
2 - 47% - 50% - 4:27
PK Defense
1 - 66% - 58% - 6:11
2 - 34% - 42% - 3:15
PK3 Forward
1 - 46% - 50% - 0:36
2 - 54% - 50% - 0:42
PK3 Defense
1 - 36% - 58% - 0:28
2 - 64% - 42% - 0:50
44 Forward
1 - 0% - 60%
2 - 0% - 40%
44 Defense
1 - 0% - 60%
2 - 0% - 40%
Last Minute Offensive  - 0:00
Last Minute Defensive  - 0:00
Total
Forward - 60:00
Defense - 60:00

% Time on Ice - Panthers

Lines # - Real PCT - Wanted PCT - Time Play
Normal Forward
1 - 33% - 40% - 11:59
2 - 23% - 30% - 8:19
3 - 29% - 20% - 10:36
4 - 14% - 10% - 5:04
Normal Defense
1 - 41% - 40% - 14:36
2 - 34% - 30% - 12:05
3 - 21% - 20% - 7:32
4 - 5% - 10% - 1:45
PP Forward
1 - 53% - 60% - 5:39
2 - 47% - 40% - 5:05
PP Defense
1 - 57% - 60% - 6:08
2 - 43% - 40% - 4:36
PK Forward
1 - 71% - 60% - 8:49
2 - 29% - 40% - 3:39
PK Defense
1 - 60% - 60% - 7:27
2 - 40% - 40% - 5:01
PK3 Forward
1 - 100% - 60% - 0:50
2 - 0% - 40% - 0:00
PK3 Defense
1 - 62% - 60% - 0:31
2 - 38% - 40% - 0:19
44 Forward
1 - 0% - 60%
2 - 0% - 40%
44 Defense
1 - 0% - 60%
2 - 0% - 40%
Last Minute Offensive  - 0:00
Last Minute Defensive  - 0:00
Total
Forward - 60:00
Defense - 60:00

Play by Play

1st period


0:01 of 1st period - Cory Emmerton wins face-off versus David Backes in neutral zone.
0:07 of 1st period - Off-side.
0:08 of 1st period - Cory Emmerton wins face-off versus Alexander Semin in neutral zone.
0:39 of 1st period - Slapshot by Jordin Tootoo.
0:39 of 1st period - Shot Misses the Net.
0:52 of 1st period - Off-side.
0:53 of 1st period - Shawn Horcoff wins face-off versus Colin Wilson in neutral zone.
0:58 of 1st period - Snap shot by Alexander Perezhogin.
0:58 of 1st period - Shot Blocked by Steve Eminger.
1:04 of 1st period - Snap shot by Steve Regier.
1:04 of 1st period - Stopped by Antti Niemi with a rebound.
1:06 of 1st period - Slapshot by Colin Wilson.
1:06 of 1st period - Shot Blocked by Ian White.
1:08 of 1st period - Wrist shot by Steve Regier.
1:08 of 1st period - Shot Misses the Net.
1:49 of 1st period - Wrist shot by Eric Staal.
1:49 of 1st period - Stopped by Antti Niemi without a rebound.
1:50 of 1st period - Patrik Berglund wins face-off versus Brayden Schenn in Panthers zone.
1:51 of 1st period - Slapshot by Brad Marchand.
1:51 of 1st period - Shot Blocked by Matthew Spiller.
1:53 of 1st period - Slapshot by Derek Meech.
1:53 of 1st period - Deflect By Jordin Tootoo.
1:53 of 1st period - Shot Blocked by Matthew Spiller.
1:53 of 1st period - Puck is out of play.
1:54 of 1st period - Brayden Schenn wins face-off versus Patrik Berglund in Panthers zone.
2:15 of 1st period - Minor Penalty to Brad Marchand for Interference.
2:16 of 1st period - Mikhail Grabovski wins face-off versus Cory Emmerton in Flames zone.
2:49 of 1st period - Lubomir Visnovsky is hit by Erik Gudbranson.
4:15 of 1st period - Penalty to Brad Marchand is over, Brad Marchand is back on ice.
4:28 of 1st period - Sami Vatanen is hit by Alexander Perezhogin and loses puck.
5:02 of 1st period - Snap shot by Daniel Sedin.
5:02 of 1st period - Deflect By Alexander Perezhogin.
5:02 of 1st period - Shot Misses the Net.
5:02 of 1st period - Puck is out of play.
5:03 of 1st period - Eric Staal wins face-off versus Brayden Schenn in Flames zone.
5:16 of 1st period - Snap shot by Brayden Schenn.
5:16 of 1st period - Stopped by Josh Harding with a rebound.
6:16 of 1st period - Brayden Schenn is hit by Eric Staal.
6:47 of 1st period - Matthew Spiller is hit by Mikhail Grabovski and loses puck.
7:19 of 1st period - Off-side.
7:20 of 1st period - Eric Staal wins face-off versus Cory Emmerton in neutral zone.
7:20 of 1st period - Eric Staal is hit by Guillaume Latendresse.
8:11 of 1st period - Wrist shot by Tomas Kopecky.
8:11 of 1st period - Shot Misses the Net.
8:13 of 1st period - Wrist shot by Brendan Smith.
8:13 of 1st period - Stopped by Josh Harding with a rebound.
8:15 of 1st period - Slapshot by Jeff Tambellini.
8:15 of 1st period - Deflect By Brayden Schenn.
8:15 of 1st period - Shot Misses the Net.
8:15 of 1st period - Puck is out of play.
8:16 of 1st period - Jeff Tambellini wins face-off versus Patrik Berglund in Flames zone.
8:17 of 1st period - Backhand shot by Tomas Kopecky.
8:17 of 1st period - Stopped by Josh Harding with a rebound.
8:19 of 1st period - Slapshot by Brayden Schenn.
8:19 of 1st period - Stopped by Josh Harding without a rebound.
8:20 of 1st period - Patrik Berglund wins face-off versus Brayden Schenn in Flames zone.
8:20 of 1st period - Patrik Berglund is hit by Michal Rozsival.
8:23 of 1st period - Minor Penalty to Brad Marchand for High sticking.
8:24 of 1st period - Eric Staal wins face-off versus Cory Emmerton in Flames zone.
8:56 of 1st period - Snap shot by Alexander Semin.
8:56 of 1st period - Stopped by Antti Niemi with a rebound.
8:58 of 1st period - Slapshot by Steve Eminger.
8:58 of 1st period - Stopped by Antti Niemi with a rebound.
9:08 of 1st period - Erik Johnson is hit by Tomas Kopecky and loses puck.
9:37 of 1st period - Backhand shot by Tomas Kopecky.
9:37 of 1st period - Deflect By Erik Johnson.
9:37 of 1st period - Stopped by Josh Harding with a rebound.
9:39 of 1st period - Slapshot by Erik Gudbranson.
9:39 of 1st period - Stopped by Josh Harding without a rebound.
9:40 of 1st period - Drew Stafford wins face-off versus Eric Staal in Flames zone.
9:41 of 1st period - Snap shot by Cory Emmerton.
9:41 of 1st period - Shot Misses the Net.
9:43 of 1st period - Snap shot by Drew Stafford.
9:43 of 1st period - Stopped by Josh Harding with a rebound.
9:45 of 1st period - Wrist shot by Cory Emmerton.
9:45 of 1st period - Stopped by Josh Harding with a rebound.
9:47 of 1st period - Snap shot by Brendan Smith.
9:47 of 1st period - Stopped by Josh Harding with a rebound.
9:49 of 1st period - Slapshot by Michal Rozsival.
9:49 of 1st period - Stopped by Josh Harding without a rebound.
9:50 of 1st period - Eric Staal wins face-off versus Cory Emmerton in Flames zone.
10:15 of 1st period - Slapshot by Guillaume Latendresse.
10:15 of 1st period - Stopped by Josh Harding without a rebound.
10:16 of 1st period - Brayden Schenn wins face-off versus Eric Staal in Flames zone.
10:19 of 1st period - Wrist shot by Brayden Schenn.
10:19 of 1st period - Shot Blocked by Eric Staal.
10:21 of 1st period - Wrist shot by Brayden Schenn.
10:21 of 1st period - Deflect By Tomas Kopecky.
10:21 of 1st period - Shot Misses the Net.
10:21 of 1st period - Puck is out of play.
10:22 of 1st period - Mikhail Grabovski wins face-off versus Brayden Schenn in Flames zone.
10:23 of 1st period - Penalty to Brad Marchand is over, Brad Marchand is back on ice.
11:03 of 1st period - Minor Penalty to Erik Gudbranson for Holding.
11:04 of 1st period - Eric Staal wins face-off versus Brayden Schenn in Panthers zone.
13:03 of 1st period - Penalty to Erik Gudbranson is over, Erik Gudbranson is back on ice.
14:00 of 1st period - Minor Penalty to Jordin Tootoo for Hooking.
14:01 of 1st period - Cory Emmerton wins face-off versus Mikhail Grabovski in Flames zone.
14:08 of 1st period - Wrist shot by Drew Stafford.
14:08 of 1st period - Goal by Drew Stafford - Flames : 0 - Panthers : 1.
14:09 of 1st period - Eric Staal wins face-off versus Cory Emmerton in neutral zone.
14:37 of 1st period - Minor Penalty to Ian White for Hooking.
14:38 of 1st period - Brayden Schenn wins face-off versus Eric Staal in Panthers zone.
14:52 of 1st period - Slapshot by Erik Johnson.
14:52 of 1st period - Goal by Erik Johnson - Flames : 1 - Panthers : 1.
14:53 of 1st period - Eric Staal wins face-off versus Cory Emmerton in neutral zone.
15:00 of 1st period - Slapshot by Eric Staal.
15:00 of 1st period - Stopped by Antti Niemi without a rebound.
15:01 of 1st period - Cory Emmerton wins face-off versus Patrik Berglund in Panthers zone.
15:03 of 1st period - Minor Penalty to Drew Stafford for Interference.
15:04 of 1st period - Eric Staal wins face-off versus Brayden Schenn in Panthers zone.
15:14 of 1st period - Slapshot by Erik Johnson.
15:14 of 1st period - Shot Misses the Net.
15:16 of 1st period - Slapshot by Erik Johnson.
15:16 of 1st period - Stopped by Antti Niemi with a rebound.
15:18 of 1st period - Slapshot by Derek Meech.
15:18 of 1st period - Flames goal is going for a video replay.
15:18 of 1st period - The goal is refused. The net was displaced accidentally..
15:19 of 1st period - Eric Staal wins face-off versus Brayden Schenn in Panthers zone.
15:53 of 1st period - Snap shot by Shawn Horcoff.
15:53 of 1st period - Stopped by Josh Harding with a rebound.
16:36 of 1st period - Guillaume Latendresse is hit by Alexander Semin and loses puck.
17:03 of 1st period - Penalty to Drew Stafford is over, Drew Stafford is back on ice.
17:29 of 1st period - Wrist shot by Brad Marchand.
17:29 of 1st period - Stopped by Antti Niemi without a rebound.
17:30 of 1st period - Mikhail Grabovski wins face-off versus Cory Emmerton in Panthers zone.
17:37 of 1st period - Slapshot by Brendan Smith.
17:37 of 1st period - Deflect By Mikhail Grabovski.
17:37 of 1st period - Stopped by Josh Harding with a rebound.
18:10 of 1st period - Marcus Nilson is hit by Erik Gudbranson and loses puck.
18:32 of 1st period - Slapshot by Cory Emmerton.
18:32 of 1st period - Shot Misses the Net.
19:10 of 1st period - Slapshot by Sami Vatanen.
19:10 of 1st period - Goal by Sami Vatanen - Flames : 2 - Panthers : 1.
19:11 of 1st period - Eric Staal wins face-off versus Brayden Schenn in neutral zone.
19:16 of 1st period - Slapshot by Alexander Semin.
19:16 of 1st period - Shot Blocked by Brayden Schenn.
19:38 of 1st period - George Parros is hit by Brad Marchand and loses puck.
19:52 of 1st period - Minor Penalty to Jonathan Matsumoto for Slashing.
19:53 of 1st period - Eric Staal wins face-off versus Brayden Schenn in Panthers zone.
Goals for this period are 2 for Flames vs 1 for Panthers.
Shots for this period are 10 for Flames vs 14 for Panthers.

2nd period


0:01 of 2nd period - Brayden Schenn wins face-off versus Eric Staal in neutral zone.
0:26 of 2nd period - Drew Stafford is hit by Steve Regier and loses puck.
0:31 of 2nd period - Snap shot by Steve Regier.
0:31 of 2nd period - Shot Misses the Net.
0:33 of 2nd period - Backhand shot by Jordin Tootoo.
0:33 of 2nd period - Shot Misses the Net.
0:45 of 2nd period - Sami Vatanen is hit by Guillaume Latendresse.
1:52 of 2nd period - Penalty to Jonathan Matsumoto is over, Jonathan Matsumoto is back on ice.
2:09 of 2nd period - Brayden Schenn is hit by Eric Staal and loses puck.
2:18 of 2nd period - Snap shot by Eric Staal.
2:18 of 2nd period - Stopped by Antti Niemi without a rebound.
2:19 of 2nd period - Cory Emmerton wins face-off versus Mikhail Grabovski in Panthers zone.
2:45 of 2nd period - Jonathan Sigalet is hit by Brad Marchand and loses puck.
2:50 of 2nd period - Wrist shot by Brad Marchand.
2:50 of 2nd period - Stopped by Antti Niemi without a rebound.
2:51 of 2nd period - Shawn Horcoff wins face-off versus Patrik Berglund in Panthers zone.
3:16 of 2nd period - Sami Vatanen is hit by Erik Gudbranson and loses puck.
3:27 of 2nd period - Wrist shot by Jordin Tootoo.
3:27 of 2nd period - Goal by Jordin Tootoo - Flames : 3 - Panthers : 1.
3:28 of 2nd period - Cory Emmerton wins face-off versus Eric Staal in neutral zone.
3:34 of 2nd period - Erik Johnson is hit by Drew Stafford and loses puck.
3:53 of 2nd period - Sami Vatanen is hit by Michal Rozsival and loses puck.
3:59 of 2nd period - Off-side.
4:00 of 2nd period - Cory Emmerton wins face-off versus Patrik Berglund in neutral zone.
4:05 of 2nd period - Wrist shot by Cory Emmerton.
4:05 of 2nd period - Shot Misses the Net.
4:25 of 2nd period - Ron Hainsey is hit by Shawn Horcoff and loses puck.
4:31 of 2nd period - Icing by Erik Johnson.
4:32 of 2nd period - Patrik Berglund wins face-off versus Shawn Horcoff in Flames zone.
4:32 of 2nd period - Patrik Berglund is hit by Michal Rozsival.
5:32 of 2nd period - Snap shot by Shawn Horcoff.
5:32 of 2nd period - Shot Blocked by Brad Marchand.
5:48 of 2nd period - Erik Johnson is hit by Shawn Horcoff and loses puck.
5:55 of 2nd period - Erik Johnson is hit by Ian White and loses puck.
6:20 of 2nd period - Snap shot by Brad Marchand.
6:20 of 2nd period - Stopped by Antti Niemi with a rebound.
6:22 of 2nd period - Minor Penalty to Shawn Horcoff for Hooking.
6:23 of 2nd period - Brayden Schenn wins face-off versus Eric Staal in Panthers zone.
7:14 of 2nd period - Brendan Smith is hit by Mikhail Grabovski and loses puck.
7:31 of 2nd period - Minor Penalty to Erik Gudbranson for High sticking.
7:32 of 2nd period - Brayden Schenn wins face-off versus Eric Staal in Panthers zone.
8:21 of 2nd period - Slapshot by Sami Vatanen.
8:21 of 2nd period - Shot Blocked by Cory Emmerton.
8:22 of 2nd period - Penalty to Shawn Horcoff is over, Shawn Horcoff is back on ice.
9:11 of 2nd period - Shawn Horcoff is hit by Derek Meech and loses puck.
9:31 of 2nd period - Penalty to Erik Gudbranson is over, Erik Gudbranson is back on ice.
9:53 of 2nd period - Slapshot by Erik Gudbranson.
9:53 of 2nd period - Stopped by Josh Harding without a rebound.
9:54 of 2nd period - Jonathan Matsumoto wins face-off versus Mikhail Grabovski in Flames zone.
9:54 of 2nd period - Jonathan Sigalet is hit by Lubomir Visnovsky.
10:12 of 2nd period - Lubomir Visnovsky is hit by Daniel Sedin and loses puck.
10:27 of 2nd period - Slapshot by Jonathan Ferland.
10:27 of 2nd period - Stopped by Antti Niemi without a rebound.
10:28 of 2nd period - Cory Emmerton wins face-off versus Patrik Berglund in Panthers zone.
10:28 of 2nd period - Cory Emmerton is hit by Patrik Berglund.
10:34 of 2nd period - Snap shot by Cory Emmerton.
10:34 of 2nd period - Shot Hit the Post.
10:36 of 2nd period - Slapshot by Guillaume Latendresse.
10:36 of 2nd period - Shot Blocked by Sami Vatanen.
10:43 of 2nd period - Minor Penalty to Brad Marchand for Hooking.
10:44 of 2nd period - Eric Staal wins face-off versus Cory Emmerton in Flames zone.
12:43 of 2nd period - Penalty to Brad Marchand is over, Brad Marchand is back on ice.
13:04 of 2nd period - Jonathan Sigalet is hit by Ron Hainsey and loses puck.
13:18 of 2nd period - Minor Penalty to Sami Vatanen for High sticking.
13:19 of 2nd period - Mikhail Grabovski wins face-off versus Cory Emmerton in Flames zone.
13:59 of 2nd period - Minor Penalty to Steve Eminger for Interference.
14:00 of 2nd period - Eric Staal wins face-off versus Cory Emmerton in Flames zone.
15:18 of 2nd period - Penalty to Sami Vatanen is over, Sami Vatanen is back on ice.
15:27 of 2nd period - Michal Rozsival is hit by Lubomir Visnovsky and loses puck.
15:40 of 2nd period - Cory Emmerton is hit by Mikhail Grabovski and loses puck.
15:59 of 2nd period - Penalty to Steve Eminger is over, Steve Eminger is back on ice.
16:12 of 2nd period - Slapshot by Ian White.
16:12 of 2nd period - Shot Misses the Net.
16:35 of 2nd period - Slapshot by George Parros.
16:35 of 2nd period - Goal by George Parros - Flames : 3 - Panthers : 2.
16:36 of 2nd period - Eric Staal wins face-off versus Cory Emmerton in neutral zone.
17:03 of 2nd period - Jeff Tambellini is hit by Steve Regier and loses puck.
17:40 of 2nd period - Guillaume Latendresse is hit by Marcus Nilson and loses puck.
18:07 of 2nd period - Snap shot by Ron Hainsey.
18:07 of 2nd period - Deflect By David Backes.
18:07 of 2nd period - Stopped by Antti Niemi with a rebound.
18:09 of 2nd period - Slapshot by Derek Meech.
18:09 of 2nd period - Deflect By David Backes.
18:09 of 2nd period - Shot Blocked by Ian White.
18:09 of 2nd period - Puck is out of play.
18:10 of 2nd period - Brayden Schenn wins face-off versus Alexander Semin in Panthers zone.
18:25 of 2nd period - Snap shot by David Backes.
18:25 of 2nd period - Stopped by Antti Niemi with a rebound.
18:44 of 2nd period - Slapshot by Drew Stafford.
18:44 of 2nd period - Deflect By Guillaume Latendresse.
18:44 of 2nd period - Shot Misses the Net.
18:44 of 2nd period - Puck is out of play.
18:45 of 2nd period - Tomas Kopecky wins face-off versus Eric Staal in Flames zone.
19:06 of 2nd period - Minor Penalty to Erik Johnson for Kneeing.
19:07 of 2nd period - Mikhail Grabovski wins face-off versus Cory Emmerton in Flames zone.
19:07 of 2nd period - Alexander Semin is hit by Cory Emmerton and loses puck.
19:12 of 2nd period - Wrist shot by Guillaume Latendresse.
19:12 of 2nd period - Shot Misses the Net.
19:14 of 2nd period - Slapshot by Erik Gudbranson.
19:14 of 2nd period - Shot Blocked by Steve Eminger.
19:32 of 2nd period - Mikhail Grabovski is hit by Erik Gudbranson and loses puck.
19:41 of 2nd period - Snap shot by Brayden Schenn.
19:41 of 2nd period - Shot Misses the Net.
Goals for this period are 1 for Flames vs 1 for Panthers.
Shots for this period are 7 for Flames vs 2 for Panthers.

3rd period


0:01 of 3rd period - Cory Emmerton wins face-off versus Eric Staal in neutral zone.
0:04 of 3rd period - Slapshot by Ian White.
0:04 of 3rd period - Shot Blocked by Jordin Tootoo.
0:32 of 3rd period - Slapshot by Steve Eminger.
0:32 of 3rd period - Stopped by Antti Niemi without a rebound.
0:33 of 3rd period - Brayden Schenn wins face-off versus Mikhail Grabovski in Panthers zone.
1:06 of 3rd period - Penalty to Erik Johnson is over, Erik Johnson is back on ice.
1:22 of 3rd period - Snap shot by Alexander Semin.
1:22 of 3rd period - Shot Misses the Net.
1:32 of 3rd period - Snap shot by Alexander Semin.
1:32 of 3rd period - Stopped by Antti Niemi without a rebound.
1:33 of 3rd period - Patrik Berglund wins face-off versus Cory Emmerton in Panthers zone.
1:38 of 3rd period - Snap shot by Patrik Berglund.
1:38 of 3rd period - Shot Blocked by Matthew Spiller.
1:40 of 3rd period - Slapshot by Lubomir Visnovsky.
1:40 of 3rd period - Shot Misses the Net.
1:42 of 3rd period - Slapshot by Lubomir Visnovsky.
1:42 of 3rd period - Shot Blocked by Matthew Spiller.
1:44 of 3rd period - Slapshot by Lubomir Visnovsky.
1:44 of 3rd period - Shot Misses the Net.
1:58 of 3rd period - Drew Stafford is hit by Steve Eminger and loses puck.
2:03 of 3rd period - Snap shot by Colin Wilson.
2:03 of 3rd period - Shot Misses the Net.
2:05 of 3rd period - Wrist shot by Colin Wilson.
2:05 of 3rd period - Stopped by Antti Niemi with a rebound.
2:07 of 3rd period - Slapshot by Sami Vatanen.
2:07 of 3rd period - Stopped by Antti Niemi without a rebound.
2:08 of 3rd period - Shawn Horcoff wins face-off versus Patrik Berglund in Panthers zone.
2:19 of 3rd period - Wrist shot by Patrick Marleau.
2:19 of 3rd period - Stopped by Josh Harding with a rebound.
2:21 of 3rd period - Slapshot by Brendan Smith.
2:21 of 3rd period - Stopped by Josh Harding with a rebound.
2:23 of 3rd period - Wrist shot by Brendan Smith.
2:23 of 3rd period - Stopped by Josh Harding without a rebound.
2:24 of 3rd period - Brayden Schenn wins face-off versus Eric Staal in Flames zone.
2:31 of 3rd period - Snap shot by Eric Staal.
2:31 of 3rd period - Stopped by Antti Niemi without a rebound.
2:32 of 3rd period - Eric Staal wins face-off versus Tomas Kopecky in Panthers zone.
2:43 of 3rd period - Slapshot by Eric Staal.
2:43 of 3rd period - Stopped by Antti Niemi without a rebound.
2:44 of 3rd period - Cory Emmerton wins face-off versus Eric Staal in Panthers zone.
2:46 of 3rd period - Minor Penalty to Brendan Smith for Holding.
2:47 of 3rd period - Brayden Schenn wins face-off versus Eric Staal in Panthers zone.
3:01 of 3rd period - Wrist shot by Guillaume Latendresse.
3:01 of 3rd period - Deflect By Brayden Schenn.
3:01 of 3rd period - Stopped by Josh Harding with a rebound.
3:03 of 3rd period - Snap shot by Michal Rozsival.
3:03 of 3rd period - Stopped by Josh Harding with a rebound.
4:46 of 3rd period - Penalty to Brendan Smith is over, Brendan Smith is back on ice.
5:35 of 3rd period - Snap shot by Michel Ouellet.
5:35 of 3rd period - Shot Blocked by Shawn Horcoff.
5:37 of 3rd period - Slapshot by Lubomir Visnovsky.
5:37 of 3rd period - Stopped by Antti Niemi with a rebound.
5:47 of 3rd period - Marcus Nilson is hit by Tomas Kopecky and loses puck.
6:32 of 3rd period - Marcus Nilson is hit by Alexander Perezhogin and loses puck.
7:45 of 3rd period - Erik Johnson is hit by Michal Rozsival.
8:07 of 3rd period - Wrist shot by Mikhail Grabovski.
8:07 of 3rd period - Deflect By Jonathan Ferland.
8:07 of 3rd period - Stopped by Antti Niemi without a rebound.
8:08 of 3rd period - Mikhail Grabovski wins face-off versus Daniel Sedin in Panthers zone.
8:09 of 3rd period - Wrist shot by Jonathan Ferland.
8:09 of 3rd period - Stopped by Antti Niemi without a rebound.
8:10 of 3rd period - Jonathan Matsumoto wins face-off versus Eric Staal in Panthers zone.
8:19 of 3rd period - Snap shot by Daniel Sedin.
8:19 of 3rd period - Stopped by Josh Harding without a rebound.
8:20 of 3rd period - Eric Staal wins face-off versus Cory Emmerton in Flames zone.
9:11 of 3rd period - Off-side.
9:12 of 3rd period - Cory Emmerton wins face-off versus Patrik Berglund in neutral zone.
9:29 of 3rd period - Slapshot by Brad Marchand.
9:29 of 3rd period - Deflect By Patrik Berglund.
9:29 of 3rd period - Shot Misses the Net.
9:29 of 3rd period - Puck is out of play.
9:30 of 3rd period - Brayden Schenn wins face-off versus Colin Wilson in Panthers zone.
9:39 of 3rd period - Backhand shot by Tomas Kopecky.
9:39 of 3rd period - Shot Misses the Net.
9:41 of 3rd period - Slapshot by Erik Gudbranson.
9:41 of 3rd period - Deflect By Tomas Kopecky.
9:41 of 3rd period - Stopped by Josh Harding without a rebound.
9:42 of 3rd period - Eric Staal wins face-off versus Cory Emmerton in Flames zone.
9:51 of 3rd period - Minor Penalty to Guillaume Latendresse for Elbowing.
9:52 of 3rd period - Eric Staal wins face-off versus Brayden Schenn in Panthers zone.
10:05 of 3rd period - Backhand shot by Erik Johnson.
10:05 of 3rd period - Goal by Erik Johnson - Flames : 4 - Panthers : 2.
10:06 of 3rd period - Eric Staal wins face-off versus Cory Emmerton in neutral zone.
10:08 of 3rd period - Off-side.
10:09 of 3rd period - Cory Emmerton wins face-off versus Eric Staal in neutral zone.
10:12 of 3rd period - Slapshot by Erik Gudbranson.
10:12 of 3rd period - Shot Misses the Net.
10:16 of 3rd period - Wrist shot by Guillaume Latendresse.
10:16 of 3rd period - Stopped by Josh Harding with a rebound.
10:44 of 3rd period - Snap shot by Patrik Berglund.
10:44 of 3rd period - Shot Misses the Net.
11:29 of 3rd period - Slapshot by David Backes.
11:29 of 3rd period - Stopped by Antti Niemi with a rebound.
11:47 of 3rd period - Wrist shot by Daniel Sedin.
11:47 of 3rd period - Stopped by Josh Harding without a rebound.
11:48 of 3rd period - Eric Staal wins face-off versus Brayden Schenn in Flames zone.
11:48 of 3rd period - Eric Staal is hit by Brendan Smith.
11:56 of 3rd period - Wrist shot by David Backes.
11:56 of 3rd period - Shot Misses the Net.
12:14 of 3rd period - Guillaume Latendresse is hit by Brad Marchand and loses puck.
12:35 of 3rd period - Wrist shot by Patrick Marleau.
12:35 of 3rd period - Shot Misses the Net.
12:37 of 3rd period - Slapshot by Shawn Horcoff.
12:37 of 3rd period - Shot Hit the Post.
12:39 of 3rd period - Snap shot by Alexander Perezhogin.
12:39 of 3rd period - Shot Blocked by Ron Hainsey.
12:41 of 3rd period - Wrist shot by Shawn Horcoff.
12:41 of 3rd period - Stopped by Josh Harding with a rebound.
12:43 of 3rd period - Slapshot by Brendan Smith.
12:43 of 3rd period - Shot Misses the Net.
13:14 of 3rd period - Snap shot by Marcus Nilson.
13:14 of 3rd period - Shot Misses the Net.
13:16 of 3rd period - Snap shot by Marcus Nilson.
13:16 of 3rd period - Shot Misses the Net.
13:18 of 3rd period - Snap shot by Derek Meech.
13:18 of 3rd period - Stopped by Antti Niemi with a rebound.
13:39 of 3rd period - Slapshot by Guillaume Latendresse.
13:39 of 3rd period - Deflect By Cory Emmerton.
13:39 of 3rd period - Shot Misses the Net.
13:39 of 3rd period - Puck is out of play.
13:40 of 3rd period - Brayden Schenn wins face-off versus Eric Staal in Flames zone.
14:04 of 3rd period - Icing by Tomas Kopecky.
14:05 of 3rd period - Tomas Kopecky wins face-off versus Patrik Berglund in Panthers zone.
14:05 of 3rd period - Tomas Kopecky is hit by Jordin Tootoo.
14:32 of 3rd period - Off-side.
14:33 of 3rd period - Eric Staal wins face-off versus Jonathan Matsumoto in neutral zone.
15:14 of 3rd period - Icing by Brendan Smith.
15:15 of 3rd period - Cory Emmerton wins face-off versus Eric Staal in Panthers zone.
15:20 of 3rd period - Snap shot by Guillaume Latendresse.
15:20 of 3rd period - Stopped by Josh Harding without a rebound.
15:21 of 3rd period - Eric Staal wins face-off versus Shawn Horcoff in Flames zone.
15:21 of 3rd period - Eric Staal is hit by Erik Gudbranson.
16:36 of 3rd period - Slapshot by Eric Staal.
16:36 of 3rd period - Shot Blocked by Matthew Spiller.
16:49 of 3rd period - Off-side.
16:50 of 3rd period - Shawn Horcoff wins face-off versus Mikhail Grabovski in neutral zone.
16:55 of 3rd period - Mikhail Grabovski is hit by Shawn Horcoff and loses puck.
17:46 of 3rd period - Mikhail Grabovski is hit by Michal Rozsival and loses puck.
17:53 of 3rd period - Alexander Perezhogin is hit by Jonathan Ferland.
18:14 of 3rd period - Minor Penalty to Shawn Horcoff for Cross-checking.
18:15 of 3rd period - Brayden Schenn wins face-off versus Eric Staal in Panthers zone.
18:15 of 3rd period - Brayden Schenn is hit by David Backes.
18:43 of 3rd period - Icing by Lubomir Visnovsky.
18:44 of 3rd period - Patrik Berglund wins face-off versus Brayden Schenn in Flames zone.
19:09 of 3rd period - David Backes is hit by Michal Rozsival and loses puck.
19:37 of 3rd period - Cory Emmerton is hit by Patrik Berglund and loses puck.
Goals for this period are 1 for Flames vs 0 for Panthers.
Shots for this period are 12 for Flames vs 11 for Panthers.